 Dungeon Crawl Stone Soup version 0.22-a0-362-g535178c (webtiles) character file.

3602 Gremour the Poker (level 10, -8/72 HPs)
             Began as a Hill Orc Necromancer on Apr 14, 2018.
             Mangled by an orc warrior
             ... wielding a +0 glaive
              (21 damage)
             ... on level 6 of the Dungeon on Apr 19, 2018.
             The game lasted 00:59:55 (8726 turns).

Gremour the Poker (Hill Orc Necromancer)            Turns: 8726, Time: 00:59:57

Health: -8/72      AC:  7    Str: 16    XL:     10   Next: 10%
Magic:  15/20      EV: 11    Int: 20    God:
Gold:   198        SH:  0    Dex: 11    Spells: 11/22 levels left

rFire    . . .     SeeInvis .   a - +12 mace of Liedd {crush, Int+2}
rCold    . . .     Gourm    .   (no shield)
rNeg     . . .     Faith    .   f - +0 ring mail (curse)
rPois    .         Spirit   .   d - +2 hat
rElec    .         Reflect  .   (no cloak)
rCorr    +         Harm     .   (no gloves)
MR       .....                  (no boots)
Stlth    +.........             (no amulet)
HPRegen  0.22/turn              n - ring of resist corrosion
MPRegen  0.17/turn              e - +4 ring of strength

@: very slightly contaminated
A: no striking features
a: no special abilities


You were on level 6 of the Dungeon.
You were not hungry.

You visited 2 branches of the dungeon, and saw 7 of its levels.
You also visited: Ossuary.

You collected 382 gold pieces.
You spent 184 gold pieces at shops.

Inventory:

Hand Weapons
 a - the +12 mace of Liedd (weapon) {crush, Int+2}
   (You bought it in a shop on level 6 of the Dungeon)

   It inflicts extra damage upon your enemies.
   It affects your intelligence (+2).
 h - a +1 dagger of speed
 v - a +2 scythe of venom
 w - a +0 hand axe
Missiles
 s - 5 poisoned tomahawks (quivered)
Armour
 d - a +2 hat (worn)
 f - a cursed +0 ring mail (worn)
 l - a +0 leather armour
Jewellery
 e - a +4 ring of strength (right hand)
 n - a ring of resist corrosion (left hand)
 o - an uncursed ring of fire
Scrolls
 g - 2 scrolls of teleportation
 i - 6 scrolls of identify
 j - a scroll of amnesia
 m - 3 scrolls of immolation
 q - a scroll of enchant weapon {unknown}
Potions
 k - 4 potions of flight
 p - 2 potions of curing
 r - a potion of brilliance
 t - a potion of lignification
 u - a potion of might
Comestibles
 c - 6 rations


   Skills:
 - Level 1.4 Fighting
 * Level 2.0(5.8) Axes
 - Level 7.2(7.3) Polearms
 - Level 1.5 Dodging
 - Level 1.5 Stealth
 + Level 6.8 Spellcasting
 * Level 3.1 Conjurations
 * Level 3.8 Charms
 - Level 7.0 Necromancy
 * Level 3.2 Fire Magic
 + Level 0.1 Air Magic


You had 11 spell levels left.
You knew the following spells:

 Your Spells              Type           Power        Failure   Level  Hunger
a - Flame Tongue          Conj/Fire      ###..        4%          1    None
d - Animate Dead          Necr           N/A          10%         4    ###....
r - Regeneration          Chrm/Necr      ####......   6%          3    #......
w - Swiftness             Chrm/Air       ##......     12%         2    None
z - Pain                  Necr           ####         1%          1    None


Dungeon Overview and Level Annotations

Branches:
Dungeon (6/15)             Temple (1/1) D:4

Altars:
Ashenzari
Cheibriados
Dithmenos
Elyvilon
Fedhas
Hepliaklqana
Makhleb
Nemelex Xobeh
Okawaru
Qazlal
Sif Muna
Trog
Uskayaw
Wu Jian
Xom
Yredelemnul
Zin
The Shining One

Shops:
D:4 }   D:6 %=(


Message History

Aim: an orc warrior, wielding a glaive and wearing a chain mail (lightly wounded, berserk, fast, unusually strong, chance to defeat MR: 84%)
The orc warrior barely resists.
The orc warrior hits you with a glaive!!
* * * LOW HITPOINT WARNING * * *
Casting: Pain (safe; 1% risk of failure)
Confirm with . or Enter, or press ? or * to list all spells.
Aiming: Pain (safe; 1% risk of failure)
Press: ? - help, Shift-Dir - straight line, f/p - orc warrior
Aim: an orc warrior, wielding a glaive and wearing a chain mail (lightly wounded, berserk, fast, unusually strong, chance to defeat MR: 84%)
Okay, then.
Items here: ! ) / [ † a dagger; a leather armour; a wand of iceblast (9); a potion of curing an orc corpse
Casting: Pain (safe; 1% risk of failure)
Confirm with . or Enter, or press ? or * to list all spells.
You miscast Swiftness.
You are very lightly contaminated with residual magic.
You feel a strange surge of energy!
The orc warrior hits you with a glaive!!
You die...

#.# #.. #. #...# #.#.# #..
.#..##.##...# #.#.# #..
............ #.#.# #..
........... #Z#.# #..
..........# #.#.# #..
......?....# #.#.# #..
..........†.#####.#.########..
.............o@................
.............#####.#.#.####.#..
...................#.#.# #.#.#
.............#######.#.# #.#.#
.............## #.#.# #.#.#
.............# #.#∩# #.#.#
.............# #####.#.####.#.#
.............# #............#.#
.............# #.....#.######.#


You could see an orc warrior (berserk).

Vanquished Creatures
  Pikel (D:5)
  Sigmund (D:2)
  Eustachio (D:4)
  3 yaks (D:6)
  Edmund (D:5)
  A slave (D:5)
  2 ice beasts
  3 sky beasts
  An orc warrior (D:6)
  2 phantoms (D:5)
  A necrophage (D:6)
  4 elf zombies (Ossuary)
  2 bullfrogs
  A scorpion (D:4)
  5 centaur zombies (Ossuary)
  3 human zombies (Ossuary)
  A jelly (D:5)
  A hound (D:6)
  8 orc wizards
  A centaur skeleton (D:6)
  2 orc priests (D:6)
  Terence (D:3)
  Natasha (D:3)
  3 worker ants
  3 mummies (Ossuary)
  Robin (D:4)
  A gnoll (D:5)
  8 adders
  An ooze (D:5)
  An adder skeleton (D:3)
  2 worms (D:2)
  3 leopard geckos
  19 orcs
  16 bats
  3 giant cockroaches
  20 goblins
  10 hobgoblins
  6 jackals
  2 quokkas
  5 frilled lizards
  10 kobolds
  8 rats
169 creatures vanquished.

Vanquished Creatures (collateral kills)
  An orc priest (D:6)
  A bullfrog skeleton (D:4)
  Natasha (D:4)
  An orc (D:6)
4 creatures vanquished.

Vanquished Creatures (others)
  A slave (D:5)
  A gnoll shaman (D:5)
  An orc wizard (D:6)
  A gnoll (D:5)
4 creatures vanquished.

Grand Total: 177 creatures vanquished

Notes
Turn   | Place    | Note
-------+----------+-------------------------------------------
     0 | D:1      | Gremour the Hill Orc Necromancer began the quest for the Orb.
     0 | D:1      | Reached XP level 1. HP: 14/14 MP: 3/3
   217 | D:1      | Reached XP level 2. HP: 2/20 MP: 0/4
  1258 | D:1      | Reached XP level 3. HP: 25/26 MP: 3/6
  1427 | D:1      | Upgraded the game from 0.22-a0-352-gc608dd7 to 0.22-a0-362-g535178c
  2051 | D:2      | Reached XP level 4. HP: 25/33 MP: 3/7
  2125 | D:1      | Learned a level 3 spell: Regeneration
  2699 | D:2      | Noticed Sigmund
  2717 | D:2      | Killed Sigmund
  2717 | D:2      | Reached skill level 5 in Necromancy
  2717 | D:2      | Reached XP level 5. HP: 18/38 MP: 0/10
  3366 | D:2      | Reached XP level 6. HP: 43/45 MP: 8/11
  4270 | D:3      | Noticed Terence
  4276 | D:3      | Killed Terence
  4287 | D:3      | Learned a level 4 spell: Animate Dead
  4520 | D:4      | Found a staircase to the Ecumenical Temple.
  4535 | Temple   | Entered the Ecumenical Temple
  4671 | D:4      | Found a sand-covered staircase.
  4685 | Ossuary  | Entered an ossuary
  4744 | Ossuary  | Reached skill level 1 in Polearms
  4779 | Ossuary  | Reached XP level 7. HP: 28/50 MP: 1/13
  4974 | Ossuary  | HP: 2/50 [elf zombie (7)]
  5259 | Ossuary  | Reached skill level 5 in Polearms
  5295 | Ossuary  | Reached skill level 1 in Charms
  5295 | Ossuary  | Reached XP level 8. HP: 20/57 MP: 7/14
  5544 | D:4      | Noticed Robin
  5577 | D:4      | Killed Robin
  5723 | D:4      | Found Qiojun's Gadget Boutique.
  5725 | D:4      | Noticed Natasha
  5732 | D:4      | Killed Natasha
  5899 | D:4      | Noticed Natasha
  5901 | D:4      | Noticed Eustachio
  6268 | D:3      | Killed Natasha
  6511 | D:4      | Killed Eustachio
  6741 | D:5      | Entered Level 5 of the Dungeon
  6855 | D:5      | Reached skill level 5 in Spellcasting
  6866 | D:5      | Learned a level 1 spell: Flame Tongue
  7081 | D:5      | Noticed Pikel
  7095 | D:5      | Killed Pikel
  7095 | D:5      | Reached skill level 1 in Conjurations
  7095 | D:5      | Reached skill level 1 in Fire Magic
  7095 | D:5      | Reached XP level 9. HP: 15/62 MP: 7/17
  7426 | D:5      | Learned a level 2 spell: Swiftness
  7566 | D:5      | Reached skill level 1 in Fighting
  7709 | D:5      | Noticed Edmund
  7737 | D:5      | Killed Edmund
  7880 | D:6      | Found Hont's Antique Weapon Emporium.
  7886 | D:6      | Bought a crystal mace for 184 gold pieces
  7886 | D:6      | Identified the +12 mace of Liedd {crush, Int+2} (You bought it in a shop on level 6 of the Dungeon)
  8090 | D:6      | Found Vumoimn's Food Emporium.
  8146 | D:6      | Found Oqidemne's Jewellery Emporium.
  8531 | D:6      | Reached XP level 10. HP: 70/72 MP: 14/19
  8565 | D:6      | Reached skill level 1 in Axes
  8726 | D:6      | Mangled by an orc warrior

Vault maps used:
D:1:      dpeg_arrival_houses_and_road
D:2:      serial_bayou_pond_e, uniq_sigmund
D:3:      uniq_terence
D:4:      minmay_temple_entry_statues_fountains, enter_ossuary_1, first_ration,
          serial_shops, shop_coins, uniq_eustachio, uniq_robin, uniq_natasha
D:5:      uniq_pikel, uniq_edmund
D:6:      serial_shops, kennysheep_mini, shop, shop, nicolae_shop_stone,
          columned_hall_lemuel
Temple:   compressed_dpeg_circular_temple
Ossuary:  ossuary_minmay_four_chambers

Skill      XL: |  1  2  3  4  5  6  7  8  9 10 |
---------------+-------------------------------+-----
Spellcasting   | 2 3 4 5 6 |  6.8
Necromancy     | 5 7 |  7.0
Polearms       | 2 5 7 |  7.2
Charms         | 1 2 3 |  3.8
Conjurations   | 1 3 |  3.1
Fire Magic     | 1 3 |  3.2
Fighting       | 1 |  1.4
Axes           | 2 |  2.0
Dodging        | |  1.5
Stealth        | |  1.5
Air Magic      | |  0.1

Action                   |  1- 3 |  4- 6 |  7- 9 | 10-12 || total
-------------------------+-------+-------+-------+-------++-------
Melee: Unarmed           |     1 |       |       |       ||     1
       Dagger            |    57 |    24 |       |       ||    81
       Scythe            |       |    96 |   254 |       ||   350
       Mace              |       |       |    33 |    16 ||    49
 Cast: Pain              |    63 |    84 |    94 |    10 ||   251
       Regeneration      |       |     9 |    45 |     1 ||    55
       Animate Dead      |       |     1 |    11 |     2 ||    14
       Flame Tongue      |       |       |    20 |     8 ||    28
       Swiftness         |       |       |     6 |       ||     6
  Use: Scroll            |     3 |     6 |     2 |       ||    11
       Potion            |       |     4 |    11 |       ||    15
 Stab: Sleeping          |       |     2 |       |       ||     2
       Distracted        |       |       |     1 |       ||     1
  Eat: Chunk             |     5 |     5 |     6 |       ||    16
       Ration            |       |     2 |     4 |       ||     6
Armor: Robe              |    10 |       |       |       ||    10
       Leather armour    |    10 |    42 |    99 |       ||   151
       Skin              |       |     5 |       |       ||     5
       Ring mail         |       |       |    20 |    18 ||    38
Dodge: Dodged            |    53 |   112 |   261 |     9 ||   435

Table legend:
 A = Spawn XP
 B = Non-spawn XP
 C = Spawn XP percentage of total XP
 D = Spawn monster count
 E = Non-spawn monster count
 F = Spawn count percentage of total count
 G = Total turns spent on level
                    A         B        C        D         E        F      G
               +---------+---------+-------+---------+---------+-------+---------
         Total |       0 |    5146 |   0.0 |       0 |     173 |   0.0 |  8726
               +---------+---------+-------+---------+---------+-------+---------
           D:1 |       0 |      45 |   0.0 |       0 |      27 |   0.0 |  2107
           D:2 |       0 |     277 |   0.0 |       0 |      31 |   0.0 |  1384
           D:3 |       0 |     162 |   0.0 |       0 |      21 |   0.0 |  1266
           D:4 |       0 |     700 |   0.0 |       0 |      32 |   0.0 |  1123
           D:5 |       0 |    1588 |   0.0 |       0 |      22 |   0.0 |  1075
           D:6 |       0 |    1557 |   0.0 |       0 |      25 |   0.0 |   910
       Ossuary |       0 |     817 |   0.0 |       0 |      15 |   0.0 |   741
               +---------+---------+-------+---------+---------+-------+---------
